 Dungeon Sprint DCSS version 0.18-a0-1140-g8540535 (webtiles) character file.

47 Sphara the Ruffian (level 3, -4/28 HPs)
             Began as a Draconian Arcane Marksman on Jan 21, 2016.
             Was a Believer of Cheibriados.
             Slain by a wight
             ... wielding a +0 great sword
              (13 damage)
             ... in the Dungeon (Sprint VII: "The Pits").
             The game lasted 00:01:39 (309 turns).

Sphara the Ruffian (Draconian Arcane Marksman)       Turns: 309, Time: 00:01:39

Health: -4/28      AC:  5    Str: 19    XL:     3   Next: 48%
Magic:  4/4        EV: 12    Int: 18    God:    Cheibriados [**....]
Gold:   0          SH:  0    Dex: 15    Spells: 1 memorised, 3 levels left

rFire  . . .     SeeInvis .       - Unarmed
rCold  . . .     Gourm    .     (armour unavailable)
rNeg   . . .     Faith    .     (no shield)
rPois  .         Spirit   .     (helmet restricted)
rElec  .         Dismiss  .     (no cloak)
rCorr  .         Reflect  .     (no gloves)
SustAt .         Harm     .     (no boots)
MR     .....     NoTele   +     (no amulet)
Stlth  +.........               (no ring)
                                (no ring)

@: very slightly contaminated, invisible, very slow, not resistant to hostile
enchantments, very unstealthy
A: unfitting armour, cold-blooded, AC +5
a: Bend Time, Renounce Religion


You were in the Dungeon.
You worshipped Cheibriados.
Cheibriados was pleased with you.
You were not hungry.

You visited 1 branch

Inventory:

Missiles
 b - a javelin (quivered)
 c - 2 throwing nets
Scrolls
 j - a scroll of blinking
 n - 3 scrolls of remove curse
 o - 5 scrolls of amnesia
 p - a scroll of summoning
 q - 2 scrolls of vulnerability
Potions
 e - a potion of curing
 f - a potion of heal wounds
 g - a potion of haste
 h - 4 potions of magic
 i - 3 potions of berserk rage
 m - a potion of invisibility
Books
 a - a book of Debilitation

   Spells                             Type                      Level
   a - Corona                         Hexes                        1
   b - Slow                           Hexes                        2
   c - Gell's Gravitas                Hexes/Translocation          3
   d - Inner Flame                    Hexes/Fire                   3
   e - Cause Fear                     Hexes                        4
   f - Leda's Liquefaction            Hexes/Earth                  4
Comestibles
 d - 8 bread rations
 k - 40 fruits
 l - 7 meat rations
 r - a chunk of flesh


   Skills:
 - Level 1.1 Fighting
 + Level 3.9 Throwing
 - Level 1.7 Dodging
 * Level 5.6 Unarmed Combat
 - Level 1.0 Spellcasting
 - Level 2.6 Hexes


You had 3 spell levels left.
You knew the following spells:

 Your Spells              Type           Power        Failure   Level  Hunger
a - Corona                Hex            ##.....      10%         1    ##.....


Dungeon Overview and Level Annotations

Branches:
Dungeon (1/1)

Altars:
Ashenzari
Cheibriados
Dithmenos
Elyvilon
Fedhas
Kikubaaqudgha
Makhleb
Nemelex Xobeh
Okawaru
Pakellas
Ru
Sif Muna
Trog
Vehumet
Xom
Yredelemnul
Zin
The Shining One
Beogh
Jiyva
Lugonu


Innate Abilities, Weirdness & Mutations

Your plain brown scales are hard (AC +5).
Your body does not fit into most forms of armour.
You are cold-blooded and may be slowed by cold attacks.


Message History

The bat barely misses you.
Unknown command.
Unknown command.
Throwing (i - inventory. (,) - cycle):
b - 2 javelins (quivered)
Press: ? - help, Shift-Dir - straight line, f/p - wight
Aim: a wight, wielding a short sword of freezing and wearing a robe (almost destroyed)
You throw a javelin. The javelin hits the wight!
You destroy the wight!
Cheibriados appreciates the change of pace.
Cheibriados raises the support of your attributes as your movement slows.
Your Throwing skill increases to level 3!
Your Unarmed Combat skill gained 2 levels and is now at level 5!
You have reached level 2!
You have reached level 3!
Your experience leads to an increase in your attributes!
Your base attributes are Str 13, Int 13, Dex 10.
Increase (S)trength, (I)ntelligence, or (D)exterity?
You feel stronger.
Your scales feel tougher.
The bat hits you but does no damage. The wight hits you with a great sword!
You die...

# #)))'.'..##..........
#)))#.#.(##......#..#
#######'#####..........
#.÷.......).'..........
#+#####'#####......#..#
# #...'.##.......... #.
#...#.#####'#####+
#..#####.##.......#
#.zb@..#†##.......#
#..zz..'.##.......#
#..########...<...# #..
#.......# #. #.......#
## #.......# #########


You could see 3 wights and a bat.

Vanquished Creatures
  A wight (D)
  A giant gecko (D)
  An orc (D)
  2 bats (D)
  A bat skeleton (D)
6 creatures vanquished.

Notes
Turn   | Place    | Note
--------------------------------------------------------------
     0 | D        | Sphara the Draconian Arcane Marksman began the quest for the Orb.
     0 | D        | Reached XP level 1. HP: 16/16 MP: 2/2
    19 | D        | Reached skill level 1 in Unarmed Combat
   121 | D        | Found a sacrificial altar of Ru.
   121 | D        | Found a basalt altar of Yredelemnul.
   121 | D        | Found a glowing golden altar of the Shining One.
   121 | D        | Found a deep blue altar of Sif Muna.
   121 | D        | Found a burning altar of Makhleb.
   121 | D        | Found an ancient bone altar of Kikubaaqudgha.
   121 | D        | Found a glowing silver altar of Zin.
   122 | D        | Found a shadowy altar of Dithmenos.
   122 | D        | Found a bloodstained altar of Trog.
   122 | D        | Found a shattered altar of Ashenzari.
   122 | D        | Found a white marble altar of Elyvilon.
   122 | D        | Found a snail-covered altar of Cheibriados.
   122 | D        | Found a blossoming altar of Fedhas.
   122 | D        | Found a radiant altar of Vehumet.
   122 | D        | Found a shimmering altar of Xom.
   122 | D        | Found a sparkling altar of Nemelex Xobeh.
   122 | D        | Found a corrupted altar of Lugonu.
   122 | D        | Found a viscous altar of Jiyva.
   122 | D        | Found a roughly hewn altar of Beogh.
   122 | D        | Found an iron altar of Okawaru.
   123 | D        | Found an oddly glowing altar of Pakellas.
   127 | D        | Became a worshipper of Cheibriados the Contemplative
   178 | D        | Reached * piety under Cheibriados
   241 | D        | Reached ** piety under Cheibriados
   246 | D        | Reached skill level 3 in Unarmed Combat
   302 | D        | Noticed a wight
   302 | D        | Noticed a wight
   302 | D        | Noticed a wight
   302 | D        | Noticed a wight
   309 | D        | Killed a wight
   309 | D        | Reached skill level 5 in Unarmed Combat
   309 | D        | Reached XP level 2. HP: 8/23 MP: 3/3
   309 | D        | Reached XP level 3. HP: 9/28 MP: 4/4
   309 | D        | Slain by a wight

Vault maps used:
D:        pitsprint

Action                   || total
-------------------------++-------
Melee: Unarmed           ||    36
Throw: Javelin           ||     5
  Use: Potion            ||     1
 Stab: Sleeping          ||     1
